 Dungeon Crawl Stone Soup version 0.27.0-1-g7a089689b8 (webtiles) character file.

Game seed: 18094727677043497972

84409 stebl the Thaumaturge (level 16, -6/135 HPs)
             Began as a Djinni Transmuter on Aug 9, 2021.
             Was the Champion of Makhleb.
             Mangled by a salamander (shapeshifter) (13 damage)
             ... on level 12 of the Dungeon.
             The game lasted 01:59:18 (19851 turns).

stebl the Thaumaturge (Djinni Transmuter)          Turns: 19851, Time: 01:59:19

Health: -6/135     AC: 16    Str:  9    XL:     16   Next: 27%
Gold:   1400       EV: 18    Int: 21    God:    Makhleb [******] SH:  0 Dex: 21

rFire    x . .     SeeInvis .     - Unarmed
rCold    + + +     Faith    .   (shield currently unavailable)
rNeg     . . .     Spirit   .   (armour currently unavailable)
rPois    ∞         Reflect  .   (helmet currently unavailable)
rElec    .         Harm     .   (cloak currently unavailable)
rCorr    .         Rampage  .   (gloves currently unavailable)
Will     +....                  (boots unavailable)
Stlth    +++.......             h - amulet of regeneration
HPRegen  1.32/turn              s - +4 ring of protection
MPRegen  0.00/turn              y - +6 ring of dexterity

@: ice-form, flying, very slightly contaminated
A: freezing attack, flying, boosted hp, sickness immunity, large, (fire
resistance 2), (cold vulnerability 1), float, innate caster, hp casting, extra
vitality 1
a: End Transformation, Renounce Religion, Minor Destruction, Lesser Servant of
Makhleb, Major Destruction, Greater Servant of Makhleb


You were on level 12 of the Dungeon.
You worshipped Makhleb.
Makhleb was exalted by your worship.
You were a creature of crystalline ice.
You visited 4 branches of the dungeon, and saw 22 of its levels.

You collected 2072 gold pieces.
You spent 672 gold pieces at shops.

Inventory:

Missiles
 d - 579 stones
 J - 2 throwing nets
Armour
 b - a +0 helmet (melded)
 k - a +0 pair of gloves (melded)
 B - a +0 buckler (melded)
 R - a +2 robe of willpower (melded)
Jewellery
 h - an amulet of regeneration (around neck)
 r - a ring of resist corrosion
 s - a +4 ring of protection (left front paw)
 w - a +4 ring of protection
 y - a +6 ring of dexterity (right front paw)
 G - a +6 ring of dexterity
 H - a ring of fire
 M - a +4 ring of evasion
Wands
 t - a wand of paralysis (20)
 C - a wand of flame (13)
 K - a wand of charming (5)
 L - a wand of mindburst (17)
 Q - a wand of acid (17)
 T - a wand of digging (5)
Scrolls
 a - a scroll of acquirement {unknown}
 c - 6 scrolls of immolation
 e - a scroll of fear {unknown}
 g - 5 scrolls of teleportation
 l - 4 scrolls of enchant weapon
 m - a scroll of summoning {unknown}
 p - 2 scrolls of magic mapping {unknown}
 x - 3 scrolls of holy word {unknown}
 D - 5 scrolls of vulnerability {unknown}
 E - a scroll of silence {unknown}
 F - 2 scrolls of fog {unknown}
 S - 2 scrolls of identify
Potions
 f - 2 potions of ambrosia {unknown}
 i - 9 potions of curing
 j - 2 potions of mutation
 n - 6 potions of heal wounds
 o - 7 potions of haste
 q - 2 potions of attraction
 u - 2 potions of brilliance
 v - a potion of berserk rage
 z - 4 potions of lignification
 A - 2 potions of degeneration
 N - 5 potions of resistance
 O - 3 potions of magic {unknown}
 P - 2 potions of flight {unknown}
 U - a potion of might
 V - a potion of cancellation
Miscellaneous
 I - a lightning rod (4/4)


   Skills:
 - Level 10.0 Fighting
 + Level 11.5 Dodging
 - Level 5.0 Stealth
 - Level 11.5 Unarmed Combat
 + Level 13.5 Spellcasting
 + Level 10.6 Invocations


You had 7 spell levels left.
You knew the following spells:

 Your Spells              Type           Power      Damage    Failure   Level
a - Beastly Appendage     Tmut           100%       N/A       1%          1
b - Wereblood             Tmut           63%        N/A       1%          2
c - Spider Form           Tmut/Pois      31%        N/A       1%          3
d - Ice Form              Ice/Tmut       63%        N/A       1%          4
e - Animate Skeleton      Necr           100%       N/A       1%          1
f - Ensorcelled Hibernat  Hex/Ice        100%       N/A       1%          2
g - Confusing Touch       Hex            63%        N/A       1%          3
h - Lesser Beckoning      Tloc           31%        N/A       1%          3
i - Metabolic Englaciati  Hex/Ice        31%        N/A       1%          5
j - Bolt of Magma         Conj/Fire/Erth 31%        4d14      1%          5
k - Starburst             Conj/Fire      31%        8x6d10    2%          6
Your spell library was empty.

Dungeon Overview and Level Annotations

Branches:
Dungeon (13/15)            Temple (1/1) D:5            Lair (6/6) D:8
  Swamp (0/4) Lair:3       Spider (0/4) Lair:3        Slime (0/5) Lair:6
    Orc (2/2) D:12            Elf (0/3) Orc:2
 Vaults: D:13-14

Altars:
Elyvilon
Fedhas
Gozag
Kikubaaqudgha
Makhleb
Nemelex Xobeh
Okawaru
Qazlal
Ru
Sif Muna
Trog
Wu Jian
Xom
Yredelemnul
Zin
The Shining One
Beogh

Shops:
Orc:1 =   Orc:2 !(:=

Annotations:
D:5 3 runed translucent doors, UberPyro's ghost, novice OpGl
D:8 1 runed translucent door
D:12 Gastronok
Lair:3 exclusion: 3 oklob plants
Lair:4 3 runed translucent doors, exclusion: 2 oklob plants, lukano's ghost, journeyman MiMo


Innate Abilities, Weirdness & Mutations

You are a creature of crystalline ice.
You have a powerful freezing melee attack.
You are flying.
Your maximum health is increased.
Your armour is entirely melded.
You are incapable of wielding weapons or throwing items.
You are immune to sickness and miasma.
You are immune to poison.
((Your flesh is very heat resistant. (rF++)))
((You are vulnerable to cold. (rC-)))
You float through the air rather than walking.
You learn spells naturally, not from books.
Your magical power is your life essence.
You have superior vitality. (+4 HP)


Message History

Nothing appears to happen.
The tengu warrior hits you with a +0 battleaxe!
The tengu warrior closely misses you.
The tengu warrior claws you but does no damage.
The salamander misses you.
Casting: Bolt of Magma (mildly dangerous; 1% risk of failure)
Confirm with . or Enter, or press ? or * to list all spells.
Aiming: Bolt of Magma (mildly dangerous; 1% risk of failure)
Press: ? - help, Shift-Dir - straight line, f/p - tengu warrior
Aim: a tengu warrior, wielding a +0 battleaxe and wearing a +0 leather armour (heavily wounded, 46% to hit)
Okay, then.
Casting: Bolt of Magma (mildly dangerous; 1% risk of failure)
Confirm with . or Enter, or press ? or * to list all spells.
Aiming: Bolt of Magma (mildly dangerous; 1% risk of failure)
Press: ? - help, Shift-Dir - straight line, f/p - tengu warrior
Aim: a tengu warrior, wielding a +0 battleaxe and wearing a +0 leather armour (heavily wounded, 46% to hit)
The bolt of magma misses the tengu warrior.
The tengu warrior hits you with a +0 battleaxe!!
The tengu warrior barely misses you. The tengu warrior closely misses you.
The salamander hits you!
You are engulfed in flames!
The fire burns you terribly!
The tengu warrior hits you with a +0 battleaxe!
* * * LOW HITPOINT WARNING * * *
The tengu warrior pecks you but does no damage.
The tengu warrior misses you. The salamander completely misses you.
You fly upwards.
Level annotation: Gastronok
There is a stone staircase leading down here.
Casting: Bolt of Magma (mildly dangerous; 1% risk of failure)
Confirm with . or Enter, or press ? or * to list all spells.
Okay, then.
A demon appears!
The tengu warrior hits you with a +0 battleaxe!
* * * LOW HITPOINT WARNING * * *
The tengu warrior misses you.
The tengu warrior claws you but does no damage.
The salamander hits you!
* * * LOW HITPOINT WARNING * * *
You are engulfed in flames!
The fire burns you terribly!
You die...

....#..# #.....(...#)..## ##))
......## #.........#[8.# #.8
....### ###.#####.#)).# #.[ ..<.#
##.# #.##)## ##' #.#### #..#
#..[.# #. #....# ##.## ###### ##
####'### #..# ....>..# ##.#######
######.# ###....Y...# ###
.....#.###.....NQ...# ###..
.#####.'...#..3.....#########...#
.#.....#####...†..............###
##'##### #........########### #.#
####.##### #.# ##...# #.# #..###
#.# #.##


You could see a salamander shaped shifter (ally target), a tengu warrior and a
friendly neqoxec (summoned).

Vanquished Creatures
  An ettin (Orc:2)
  Snorg (Orc:2)
  4 hydras
  Erolcha (D:11)
  A boulder beetle (D:12)
  2 ogre magi (Orc:2)
  2 catoblepae
  6 death yaks
  10 two-headed ogres
  A deep troll shaman (Lair:6)
  A fire crab (Lair:5)
  2 deep trolls
  2 lindwurms (Lair:4)
  2 orc knights
  2 orc sorcerers (Orc:1)
  3 cyclopes
  22 elephants
  7 black mambas
  3 molten gargoyles (D:11)
  4 centaur zombies
  A gargoyle (D:12)
  4 torpor snails
  A kobold demonologist (D:12)
  16 cane toads
  Maggie (Lair:2)
  17 komodo dragons
  A freezing wraith (D:12)
  A queen bee (Lair:4)
  2 polar bears
  11 trolls
  A jumping spider (Lair:3)
  3 meliai (Lair:4)
  2 hornets
  A blink frog (shapeshifter) (D:12)
  A blink frog (Lair:4)
  3 slime creatures (D:12)
  14 dream sheep
  A meliai zombie (D:10)
  A wraith (D:11)
  2 redbacks (Lair:3)
  8 wyverns
  2 shadows
  64 yaks
  Eustachio (D:4)
  6 basilisks
  A steam dragon (D:7)
  3 vampire mosquitoes (D:11)
  An acid dragon (D:10)
  22 water moccasins
  17 orc warriors
  2 ice beasts
  2 sky beasts
  4 black bears
  2 necrophages
  25 ogres
  25 wolves
  7 centaurs
  2 kobold brigands
  10 bullfrogs
  A wyvern zombie (D:5)
  2 gnoll sergeants (D:10)
  3 scorpions
  35 killer bees
  A wight (D:6)
  2 electric eels
  8 howler monkeys
  2 bullfrog zombies
  14 jellies
  A gnoll shaman (D:7)
  3 hounds
  13 orc priests
  3 bullfrog skeletons
  2 centaur skeletons
  5 iguanas
  Natasha (twice) (D:4)
  3 hell rats (Lair:4)
  15 orc wizards
  2 hound skeletons
  A howler monkey zombie (D:9)
  Robin (D:2)
  15 gnolls
  7 adders
  5 dart slugs
  99 orcs
  6 ball pythons
  5 endoplasms
  8 giant cockroaches
  16 goblins
  13 hobgoblins
  9 jackals
  8 kobolds
  4 quokkas
  3 bats (D:2)
  A frilled lizard (D:3)
  A jackal skeleton (D:8)
  A kobold zombie (D:8)
  A quokka skeleton (D:4)
  11 rats
  A spectral goblin (D:3)
698 creatures vanquished.

Vanquished Creatures (collateral kills)
  5 hydras
  An elephant (Lair:4)
  A molten gargoyle (D:11)
  A rime drake (Lair:4)
  A cane toad (Lair:6)
  A komodo dragon (Lair:2)
  A dream sheep (Lair:3)
  A redback (Lair:3)
  5 yaks
  A water moccasin (Lair:3)
  A black bear (Lair:6)
  A wolf (Lair:6)
  A bullfrog (Lair:4)
  2 killer bees (Lair:4)
  A jelly (Lair:6)
  An iguana (D:5)
  A worm (D:2)
  4 orcs
  A bat (D:3)
  A goblin (D:2)
32 creatures vanquished.

Vanquished Creatures (others)
  A bush (Lair:4)
  37 fungi
  71 plants
109 creatures vanquished.

Grand Total: 839 creatures vanquished

Notes
Turn   | Place    | Note
-------+----------+-------------------------------------------
     0 | D:1      | stebl the Djinni Transmuter began the quest for the Orb.
     0 | D:1      | Reached XP level 1. HP: 17/17 MP: 0/0
   258 | D:1      | Reached XP level 2. HP: 21/22 MP: 0/0
   566 | D:1      | Reached skill level 2 in Spellcasting
   902 | D:1      | Reached XP level 3. HP: 27/28 MP: 0/0
   902 | D:1      | Learned a level 1 spell: Animate Skeleton
  2076 | D:2      | Noticed Robin
  2085 | D:2      | Reached XP level 4. HP: 28/33 MP: 0/0
  2110 | D:2      | Killed Robin
  2249 | D:2      | Reached XP level 5. HP: 24/38 MP: 0/0
  2249 | D:2      | Learned a level 2 spell: Ensorcelled Hibernation
  2659 | D:2      | Reached skill level 3 in Spellcasting
  3033 | D:3      | Found a faded altar of an unknown god.
  3161 | D:3      | Found an iron altar of Okawaru.
  3557 | D:4      | Reached XP level 6. HP: 45/45 MP: 0/0
  3657 | D:4      | Noticed a necrophage
  3674 | D:4      | Killed a necrophage
  3675 | D:4      | Reached skill level 5 in Unarmed Combat
  3757 | D:4      | Noticed Natasha
  3769 | D:4      | Killed Natasha
  3857 | D:5      | Entered Level 5 of the Dungeon
  3993 | D:4      | Noticed Eustachio
  4014 | D:4      | Killed Eustachio
  4015 | D:4      | Reached XP level 7. HP: 38/50 MP: 0/0
  4015 | D:4      | Learned a level 3 spell: Confusing Touch
  4320 | D:4      | Noticed Natasha
  4329 | D:4      | Killed Natasha
  4569 | D:5      | Reached skill level 4 in Spellcasting
  4634 | D:5      | Reached XP level 8. HP: 53/56 MP: 0/0
  4787 | D:5      | Found a runed translucent gate.
  4787 | D:5      | Found a runed translucent gate.
  4787 | D:5      | Found a runed translucent gate.
  4788 | D:5      | Found an opulent altar of Gozag.
  4789 | D:5      | Noticed UberPyro's ghost (novice OpGl)
  4789 | D:5      | Noticed a yak
  4816 | D:5      | Found a shimmering altar of Xom.
  4816 | D:5      | Found a blossoming altar of Fedhas.
  4977 | D:5      | Found a staircase to the Ecumenical Temple.
  4986 | Temple   | Entered the Ecumenical Temple
  4992 | Temple   | Became a worshipper of Makhleb the Destroyer
  5825 | D:6      | Noticed a wyvern
  5846 | D:6      | Reached skill level 5 in Spellcasting
  5973 | D:5      | Killed a wyvern
  6055 | D:6      | Reached skill level 5 in Fighting
  6055 | D:6      | Reached XP level 9. HP: 65/65 MP: 0/0
  6055 | D:6      | Learned a level 3 spell: Lesser Beckoning
  6115 | D:6      | Reached * piety under Makhleb
  6493 | D:7      | Noticed a hornet
  6500 | D:7      | Killed a hornet
  6512 | D:7      | Reached skill level 10 in Unarmed Combat
  6573 | D:7      | Reached XP level 10. HP: 54/70 MP: 0/0
  6741 | D:5      | Found a bloodstained altar of Trog.
  6741 | D:5      | Found an opulent altar of Gozag.
  6741 | D:5      | Found an ornate altar of the Wu Jian Council.
  7657 | D:8      | Found a runed translucent door.
  7667 | D:8      | Reached ** piety under Makhleb
  7670 | D:8      | Found a basalt altar of Yredelemnul.
  7759 | D:8      | Found a staircase to the Lair.
  7760 | D:8      | Noticed a komodo dragon
  7782 | D:8      | Killed a komodo dragon
  7911 | D:8      | Reached skill level 6 in Spellcasting
  8566 | D:9      | Reached XP level 11. HP: 80/80 MP: 0/0
  8566 | D:9      | Learned a level 5 spell: Metabolic Englaciation
  8759 | D:9      | Identified the +3 leather armour "Popuunt" {+Inv rPois
                  | Int-3}
  8830 | D:9      | Reached skill level 7 in Spellcasting
  9012 | D:10     | Entered Level 10 of the Dungeon
  9063 | D:10     | Noticed a two-headed ogre
  9094 | Lair:1   | Entered Level 1 of the Lair of Beasts
  9332 | Lair:1   | Reached *** piety under Makhleb
  9346 | Lair:1   | You are sucked into a shaft and drop 1 floor!
  9348 | Lair:2   | Noticed Maggie
  9421 | Lair:2   | Reached skill level 1 in Invocations
  9423 | Lair:2   | Reached skill level 8 in Spellcasting
  9623 | Lair:1   | You are sucked into a shaft and drop 1 floor!
  9633 | Lair:2   | Killed Maggie
 10120 | Lair:2   | Reached XP level 12. HP: 89/89 MP: 0/0
 10319 | Lair:3   | Noticed a six-headed hydra
 10417 | Lair:3   | Reached skill level 1 in Stealth
 10530 | Lair:3   | Noticed a catoblepas
 10566 | Lair:3   | Killed a catoblepas
 10567 | Lair:3   | Reached skill level 9 in Spellcasting
 10787 | Lair:3   | Found a hole to the Spider Nest.
 10830 | Lair:3   | Reached **** piety under Makhleb
 10923 | Lair:3   | Killed a six-headed hydra
 11024 | Lair:3   | Reached skill level 5 in Stealth
 11089 | Lair:3   | Noticed a five-headed hydra
 11092 | Lair:3   | Noticed a five-headed hydra
 11108 | Lair:3   | Killed a five-headed hydra
 11109 | Lair:3   | Reached skill level 10 in Spellcasting
 11110 | Lair:3   | Killed a five-headed hydra
 11144 | Lair:3   | Reached XP level 13. HP: 94/94 MP: 0/0
 11144 | Lair:3   | Learned a level 5 spell: Bolt of Magma
 11144 | Lair:3   | Found a staircase to the Swamp.
 11724 | Lair:4   | Noticed a minotaur
 11727 | Lair:4   | Noticed a six-headed hydra
 11729 | Lair:4   | Noticed lukano's ghost (journeyman MiMo)
 11860 | Lair:4   | Reached skill level 10 in Fighting
 11897 | Lair:4   | Reached skill level 11 in Spellcasting
 12030 | Lair:4   | Found a runed translucent gate.
 12030 | Lair:4   | Found a runed translucent gate.
 12030 | Lair:4   | Found a runed translucent gate.
 12297 | Lair:4   | You are sucked into a shaft and drop 2 floors!
 12297 | Lair:6   | Entered Level 6 of the Lair of Beasts
 12310 | Lair:6   | Noticed a four-headed hydra
 12505 | Lair:6   | Noticed a six-headed hydra
 12516 | Lair:6   | Killed a six-headed hydra
 12526 | Lair:6   | Killed a four-headed hydra
 12526 | Lair:6   | Reached ***** piety under Makhleb
 12539 | Lair:6   | Noticed a six-headed hydra
 12546 | Lair:6   | Killed a six-headed hydra
 12585 | Lair:6   | Reached skill level 5 in Dodging
 12618 | Lair:6   | Noticed a seven-headed hydra
 12623 | Lair:6   | Killed a seven-headed hydra
 12624 | Lair:6   | Reached skill level 5 in Invocations
 12624 | Lair:6   | Reached XP level 14. HP: 103/103 MP: 0/0
 12817 | Lair:6   | Reached skill level 12 in Spellcasting
 13083 | Lair:6   | Found a staircase to the Slime Pits.
 13988 | Lair:4   | Reached ****** piety under Makhleb
 14712 | Lair:5   | Reached XP level 15. HP: 107/107 MP: 0/0
 14712 | Lair:5   | Learned a level 6 spell: Starburst
 15798 | D:10     | Found a white marble altar of Elyvilon.
 15800 | D:10     | Found a glowing silver altar of Zin.
 15802 | D:10     | Found a glowing golden altar of the Shining One.
 15842 | D:10     | Found a sparkling altar of Nemelex Xobeh.
 16393 | D:11     | Noticed Erolcha
 16398 | D:11     | Killed Erolcha
 16685 | D:11     | Reached skill level 10 in Dodging
 16734 | D:11     | Reached skill level 13 in Spellcasting
 17122 | D:12     | Noticed Gastronok
 17206 | D:12     | Found a staircase to the Orcish Mines.
 18247 | Orc:1    | Entered Level 1 of the Orcish Mines
 18453 | Orc:1    | Found Foloyraala's Jewellery Shop.
 18757 | Orc:2    | Entered Level 2 of the Orcish Mines
 18822 | Orc:2    | Noticed Snorg
 18837 | Orc:2    | Killed Snorg
 18926 | Orc:2    | Reached skill level 10 in Invocations
 19060 | Orc:2    | Reached XP level 16. HP: 108/113 MP: 0/0
 19225 | Orc:2    | Found Diohuzit's Distillery.
 19230 | Orc:2    | Found Efravamyut's Weapon Shop.
 19235 | Orc:2    | Found Sydem's Book Emporium.
 19236 | Orc:2    | Found Kohiaceo's Jewellery Emporium.
 19521 | Orc:2    | Found a staircase to the Elven Halls.
 19651 | Orc:2    | Bought 2 potions of heal wounds for 140 gold pieces
 19651 | Orc:2    | Bought a potion of haste for 140 gold pieces
 19651 | Orc:2    | Bought a potion of resistance for 140 gold pieces
 19651 | Orc:2    | Bought a potion of cancellation for 112 gold pieces
 19651 | Orc:2    | Bought a potion of resistance for 140 gold pieces
 19851 | D:12     | Mangled by a salamander (shapeshifter)

Illustrated notes

Levels and vault maps discovered:
D:1:      minmay_arrival_checkered_box, layout_basic
D:2:      minmay_wonky_spiral, layout_basic, grunt_ministairs_10,
          minmay_large_rounded_square, minmay_pentomino_r4, uniq_robin
D:3:      layout_basic, mainiacjoe_overflow_tiny_flanked,
          dreamdust_ecumenical_altar_drowned_temple
D:4:      layout_gridville, eino_curves_01, uniq_natasha, uniq_eustachio
D:5:      layout_gridville, nicolae_overflow_hidden_temple,
          minmay_temple_entry_junction_2, ebering_ghost_gozag,
          cheibrodos_gnoll_hut
D:6:      layout_basic
D:7:      layout_layer_cave, skrybe_limestone_x, minmay_alternating_orb
D:8:      layout_cave_pools, dk_yredelemnul_ordeal, david_lair_shrubbed
D:9:      layout_roguey, mainiacjoe_overflow_alcove_4, minivault_25_ag
D:10:     layout_roguey, good_gods_temple_1, marbit_many_paths, minmay_holes,
          grunt_ministairs_9
D:11:     layout_roguey, special_room [special_room_orc], minivault_8,
          uniq_erolcha
D:12:     layout_roguey, hiddenorc2_lemuel, uniq_gastronok
D:13:     layout_big_octagon, ebering_ghost_xom, cheibriados_altar_1
Temple:   chequers_temple_sunken
Lair:1:   dragon1_lemuel, layout_loops_ring, bh_autumn_forest_stairs,
          serial_bayou_shore_b, lemuel_fruit_fields
Lair:2:   layout_regular_city, uniq_maggie
Lair:3:   layout_loops_ring, palyth_hydra_swamp_entry, spider_nest_entry_a,
          minmay_lair_oklob_chamber, grunt_megastairs_3,
          infiniplex_staircase_pool
Lair:4:   hangedman_what_comes_after_a, layout_cave_pods,
          maelrawn_ghost_gauntlet_escape
Lair:5:   nzn_winding_woodlands_three_and_one
          [nzn_winding_woodlands_5x15_pathside_ponds,
          nzn_winding_woodlands_5x15_concentric,
          nzn_winding_woodlands_5x15_lazy_stream,
          nzn_winding_woodlands_center_garden], layout_gridlike,
          beast_lair_carwin_6, lemuel_fruit_tree
Lair:6:   grunt_lair_end_beastmaster, layout_regular_city,
          minmay_slime_entry_jelly_boxes, chequers_serial_rivers_micro_c,
          grunt_megastairs_5, serial_bayou_shore_a
Orc:1:    layout_caves, serial_shops, nicolae_shop_statue_plus, mines2_lemuel
Orc:2:    st_orc_open, layout_caves, uniq_snorg

Skill      XL: |  1  2  3  4  5  6  7  8  9 10 11 12 13 14 15 |
---------------+----------------------------------------------+-----
Spellcasting   | 2 3 4 5 6 8 10 11 12 13 | 13.5
Fighting       | 2 3 5 7 9 10 | 10.0
Unarmed Combat | 4 5 6 7 10 11 | 11.5
Invocations    | 4 5 8 10 | 10.6
Stealth        | 5 |  5.0
Dodging        | 5 8 11 | 11.5

Action                   |  1- 3 |  4- 6 |  7- 9 | 10-12 | 13-15 | 16-18 || total
-------------------------+-------+-------+-------+-------+-------+-------++-------
Melee: Unarmed           |   129 |   242 |   289 |   437 |   851 |    14 ||  1962
       Headbutt          |    14 |    25 |    26 |     1 |       |       ||    66
       Punch             |       |     1 |     3 |     1 |       |       ||     5
 Cast: Beastly Appendage |    26 |    34 |    18 |     6 |     1 |       ||    85
       Animate Skeleton  |     1 |     8 |    26 |    51 |   102 |    16 ||   204
       Wereblood         |       |     3 |     2 |     4 |     3 |       ||    12
       Spider Form       |       |     6 |    16 |    18 |    11 |       ||    51
       Ensorcelled Hiber |       |       |     5 |     4 |     1 |       ||    10
       Confusing Touch   |       |       |     2 |       |       |       ||     2
       Ice Form          |       |       |     3 |    18 |    44 |     2 ||    67
       Metabolic Englaci |       |       |       |     9 |    28 |       ||    37
       Bolt of Magma     |       |       |       |       |   144 |    57 ||   201
       Starburst         |       |       |       |       |    19 |     2 ||    21
Invok: Lesser Servant of |       |       |       |     3 |     2 |     1 ||     6
       Minor Destruction |       |       |       |     1 |       |       ||     1
 Abil: End Transformatio |       |       |       |       |     1 |       ||     1
  Use: Scroll            |       |     6 |     3 |     5 |     3 |       ||    17
       Potion            |       |       |       |     1 |     1 |       ||     2
 Stab: Sleeping          |       |     2 |     1 |     2 |     7 |       ||    12
       Confused          |       |       |     1 |       |       |       ||     1
       Distracted        |       |       |       |     2 |     2 |       ||     4
       Petrified         |       |       |       |       |     5 |       ||     5
       Petrifying        |       |       |       |       |     4 |       ||     4
Armor: Robe              |    26 |    26 |    22 |    10 |    18 |     2 ||   104
       Skin              |       |     6 |    30 |   106 |   262 |    12 ||   416
Dodge: Dodged            |    74 |   168 |   221 |   204 |   691 |    36 ||  1394
Block: Buckler           |       |       |       |     3 |    18 |     1 ||    22
